[Event "HUN-ch U8-U18 2019"]
[Site "Balatonlelle"]
[Date "2019.06.25"]
[Round "6.2"]
[White "Pasti, Anna"]
[Black "Juhasz, Judit"]
[Result "1/2-1/2"]
[ECO "B20"]
[WhiteElo "1955"]
[BlackElo "1963"]
[Annotator "NA"]
[PlyCount "119"]
[EventDate "2019.06.21"]
[EventType "swiss"]
[EventCountry "HUN"]
[SourceTitle "playchess.com"]
[Source "ChessBase"]
[SourceQuality "1"]
[TimeControl "40/5400+30:1800+30"]

1. e4 c5 2. c4 Nc6 3. Ne2 Nf6 4. Nbc3 e6 5. d3 d5 6. Bg5 d4 7. Nb1 h6 8. Bh4 Qa5+ 9. Nd2 Ne5 10. Nc1 Be7 11. Ncb3 Qb6 12. Bg3 Nc6 13. f4 e5 14. Be2 exf4 15. Bxf4 Be6 16. O-O O-O 17. Nf3 Nd7 18. Qe1 f5 19. exf5 Bxf5 20. Qg3 Nb4 21. Ne5 Nxe5 22. Bxe5 Qg6 23. Rf3 Qxg3 24. Rxg3 g6 25. Rf3 Rfe8 26. Bf4 Bh4 27. Bf1 Bg4 28. Nxc5 Bxf3 29. gxf3 Nc2 30. Rc1 Ne1 31. Ne4 Nxf3+ 32. Kg2 Ne5 33. Bg3 Bxg3 34. hxg3 Kg7 35. Be2 Rf8 36. c5 Rac8 37. b4 b6 38. Nd6 Rc6 39. Nb5 bxc5 40. bxc5 Rd8 41. Nxa7 Ra6 42. Nb5 Rxa2 43. Kf1 Rf8+ 44. Ke1 Rf2 45. Nxd4 Rfxe2+ 46. Nxe2 Nxd3+ 47. Kd1 Nxc1 48. Nxc1 Ra1 49. Kc2 Kf6 50. Kb2 Rxc1 51. Kxc1 Ke5 52. Kd2 Kd5 53. Kd3 Kxc5 54. Ke4 Kd6 55. Kd4 Ke6 56. Ke4 Kf6 57. Kf4 h5 58. g4 g5+ 59. Kf3 h4 60. Ke4 {[%emt 0:00:20] Ke5+} 1/2-1/2

[Event "HUN-ch U8-U18 2019"]
[Site "Balatonlelle"]
[Date "2019.06.25"]
[Round "6.2"]
[White "Papp, Regina"]
[Black "Kiraly, Lilla Virag"]
[Result "0-1"]
[ECO "B18"]
[WhiteElo "1252"]
[BlackElo "1557"]
[Annotator "NA"]
[PlyCount "136"]
[EventDate "2019.06.21"]
[EventType "swiss"]
[EventCountry "HUN"]
[SourceTitle "playchess.com"]
[Source "ChessBase"]
[SourceQuality "1"]
[TimeControl "40/5400+30:1800+30"]

1. e4 c6 2. d4 d5 3. Nc3 dxe4 4. Nxe4 Bf5 5. Nc3 Nf6 6. Bc4 e6 7. Nf3 Bb4 8. O-O O-O 9. a3 Be7 10. Bd2 Qc7 11. Bb3 Rd8 12. Qc1 Bd6 13. Ne2 Bg4 14. Bf4 Bxf4 15. Nxf4 Bxf3 16. gxf3 Rxd4 17. Ng2 Na6 18. Rd1 Rad8 19. Rxd4 Rxd4 20. Qe3 Qb6 21. Re1 Rd8 22. Qc1 Nc5 23. Ba2 h6 24. b4 Na4 25. c3 Nd5 26. c4 Ndc3 27. Bb3 Qd4 28. c5 Qd2 29. Qxd2 Rxd2 30. Ne3 Nb2 31. Nc4 Nxc4 32. Bxc4 Kf8 33. Kg2 Na4 34. b5 cxb5 35. Bxb5 Nxc5 36. Rc1 b6 37. a4 Ke7 38. a5 g6 39. axb6 axb6 40. Kg3 Rb2 41. Bf1 Nd7 42. Rc7 Kd6 43. Rb7 Ne5 44. f4 Rb3+ 45. Kg2 Nd7 46. h4 Rb2 47. Ra7 Kc6 48. Ra1 f5 49. Bc4 Kd6 50. Re1 Nc5 51. Rd1+ Ke7 52. Re1 Ne4 53. Be2 b5 54. Kg1 b4 55. f3 Nc3 56. Bc4 Rb1 57. Kf1 Rxe1+ 58. Kxe1 Nd5 59. Bb3 Nxf4 60. Kf2 Nd3+ 61. Ke3 Nc5 62. Bc2 b3 63. Bb1 e5 64. f4 e4 65. Kd4 Kd6 66. Ke3 Kd5 67. Ke2 Kd4 68. Kd2 Na4 0-1

[Event "HUN-ch U8-U18 2019"]
[Site "Balatonlelle"]
[Date "2019.06.25"]
[Round "6.3"]
[White "Lukacs, Anna Kata"]
[Black "Ivan, Reka Gyongyver"]
[Result "1-0"]
[ECO "B10"]
[WhiteElo "1915"]
[BlackElo "1619"]
[Annotator "NA"]
[PlyCount "51"]
[EventDate "2019.06.21"]
[EventType "swiss"]
[EventCountry "HUN"]
[SourceTitle "playchess.com"]
[Source "ChessBase"]
[SourceQuality "1"]
[TimeControl "40/5400+30:1800+30"]

1. e4 c6 2. c4 d5 3. exd5 cxd5 4. cxd5 Qxd5 5. Nc3 Qd8 6. d4 Nf6 7. Nf3 e6 8. Bg5 Bb4 9. a3 Bxc3+ 10. bxc3 O-O 11. Bd3 h6 12. Bh4 Nbd7 13. O-O Qa5 14. Rc1 b6 15. Bc2 Bb7 16. Re1 Qh5 17. Bg3 Bxf3 18. gxf3 Rac8 19. Qd3 Qd5 20. c4 Qa5 21. Kh1 Rfd8 22. Qe3 Kh8 23. Bb1 Rc6 24. Rg1 Nh5 25. Qe4 Nxg3+ 26. Rxg3 1-0

[Event "HUN-ch U8-U18 2019"]
[Site "Balatonlelle"]
[Date "2019.06.25"]
[Round "6.3"]
[White "Deak-Sala, Emilia"]
[Black "Vilics, Hanna"]
[Result "1-0"]
[ECO "B18"]
[WhiteElo "1415"]
[BlackElo "1285"]
[Annotator "NA"]
[PlyCount "65"]
[EventDate "2019.06.21"]
[EventType "swiss"]
[EventCountry "HUN"]
[SourceTitle "playchess.com"]
[Source "ChessBase"]
[SourceQuality "1"]
[TimeControl "40/5400+30:1800+30"]

1. e4 c6 2. d4 d5 3. Nd2 dxe4 4. Nxe4 Bf5 5. Ng3 Bg6 6. h4 h6 7. Nf3 Nf6 8. Ne5 Bh7 9. c3 e6 10. Bd3 Bxd3 11. Qxd3 Bd6 12. f4 Nbd7 13. Qf3 Qc7 14. Bd2 a6 15. Ne2 Bxe5 16. fxe5 Nd5 17. Qg4 g6 18. c4 Ne7 19. c5 Nd5 20. O-O h5 21. Qf3 Rh7 22. Qd3 Qd8 23. Bg5 Qc7 24. a3 b5 25. b4 a5 26. bxa5 Qxa5 27. Rfc1 Nb8 28. Ng3 Nd7 29. Ne4 Qc7 30. Rf1 Nb8 31. Nd6+ Kf8 32. Qxg6 Rg7 33. Bh6 1-0

[Event "HUN-ch U8-U18 2019"]
[Site "Balatonlelle"]
[Date "2019.06.25"]
[Round "6.4"]
[White "Eros, Vivien"]
[Black "Gabor, Maria"]
[Result "0-1"]
[ECO "D02"]
[WhiteElo "1317"]
[BlackElo "1308"]
[Annotator "NA"]
[PlyCount "72"]
[EventDate "2019.06.21"]
[EventType "swiss"]
[EventCountry "HUN"]
[SourceTitle "playchess.com"]
[Source "ChessBase"]
[SourceQuality "1"]
[TimeControl "40/5400+30:1800+30"]

1. d4 d5 2. Nf3 e6 3. Bf4 Bd6 4. Bg3 f5 5. e3 Nf6 6. Bd3 O-O 7. Nbd2 Nbd7 8. c4 Ne4 9. Qe2 Ndf6 10. Ne5 Bb4 11. Bxe4 Nxe4 12. Rd1 Bxd2+ 13. Rxd2 Nxd2 14. Qxd2 dxc4 15. Nxc4 Qd5 16. Ne5 Qxg2 17. Rf1 Qe4 18. b3 b6 19. f3 Qd5 20. Rg1 c5 21. Qg2 Qb7 22. Bf4 Kh8 23. h4 Rg8 24. h5 cxd4 25. Rh1 h6 26. Qg6 Rf8 27. Bxh6 Rf6 28. Qe8+ Kh7 29. Bg5 Qc7 30. exd4 Qc3+ 31. Kf1 Ba6+ 32. Kg2 Rxe8 33. Bxf6 gxf6 34. Nd7 Rg8+ 35. Kh2 Qc7+ 36. Ne5 fxe5 0-1

[Event "HUN-ch U8-U18 2019"]
[Site "Balatonlelle"]
[Date "2019.06.25"]
[Round "6.5"]
[White "Papp, Bence"]
[Black "Geher, Koppany"]
[Result "1/2-1/2"]
[ECO "B47"]
[WhiteElo "2094"]
[BlackElo "2089"]
[Annotator "NA"]
[PlyCount "96"]
[EventDate "2019.06.21"]
[EventType "swiss"]
[EventCountry "HUN"]
[SourceTitle "playchess.com"]
[Source "ChessBase"]
[SourceQuality "1"]
[TimeControl "40/5400+30:1800+30"]

1. e4 c5 2. Nf3 e6 3. d4 cxd4 4. Nxd4 Nc6 5. Nc3 Qc7 6. Ndb5 Qb8 7. Be3 a6 8. Bb6 axb5 9. Nxb5 Bb4+ 10. c3 Ba5 11. Nc7+ Qxc7 12. Bxc7 Bxc7 13. Qg4 g6 14. Bb5 Kf8 15. O-O Kg7 16. a4 Nf6 17. Qe2 d5 18. exd5 exd5 19. b4 Bf5 20. Bxc6 bxc6 21. a5 Rhe8 22. Qb2 Bd3 23. Rfe1 Bc4 24. f3 Reb8 25. Qf2 Bd6 26. Qd4 Rb5 27. Kh1 c5 28. bxc5 Bxc5 29. Qe5 Ra6 30. Reb1 Bd6 31. Qd4 Raxa5 32. g4 g5 33. h4 h6 34. hxg5 hxg5 35. Re1 Rxa1 36. Rxa1 Kg6 37. Ra8 Rb1+ 38. Kg2 Rb2+ 39. Kg1 Bc7 40. Kh1 Be2 41. Qf2 Bb6 42. Qg3 Rb1+ 43. Kh2 Be3 44. Ra4 Rf1 45. Qe5 Rf2+ 46. Kg3 Rxf3+ 47. Kh2 Bf1 48. c4 Rh3# 1/2-1/2

[Event "HUN-ch U8-U18 2019"]
[Site "Balatonlelle"]
[Date "2019.06.25"]
[Round "6.5"]
[White "Toth, Lili"]
[Black "Toth, Timea"]
[Result "0-1"]
[ECO "E61"]
[WhiteElo "1523"]
[BlackElo "1964"]
[Annotator "NA"]
[PlyCount "214"]
[EventDate "2019.06.21"]
[EventType "swiss"]
[EventCountry "HUN"]
[SourceTitle "playchess.com"]
[Source "ChessBase"]
[SourceQuality "1"]
[TimeControl "40/5400+30:1800+30"]

1. d4 Nf6 2. c4 g6 3. Nc3 Bg7 4. Nf3 O-O 5. e3 d6 6. Be2 c5 7. O-O Nbd7 8. h3 {[%emt 0:02:53] E61: King's Indian: Early deviations for White, including Smyslov System} (8. d5 a6 9. a4 Ne8 10. e4 e5 11. dxe6 fxe6 12. Bg5 Qc7 13. Qd2 Nb8 14. e5 dxe5 15. Bd8 Qd7 16. Qxd7 Bxd7 {1-0 (23) Mikhalevski,V (2571)-Ladron de Guevara Pinto,P (2367) Caleta 2015}) 8... Ne8 9. Bd2 f5 10. d5 $146 ({Predecessor:} 10. Rc1 a6 11. a3 cxd4 12. exd4 e5 13. dxe5 Nxe5 14. Bf4 Be6 15. Nd5 Nc6 {0-1 (41) Willy,O-Linghede,G Pula 1972}) 10... Nc7 11. Qc2 e5 12. e4 f4 13. Kh2 Nf6 14. g3 Qd7 15. Ng1 g5 16. g4 Qf7 17. f3 h5 18. Qd1 Qg6 19. Bd3 Qh7 20. Kg2 hxg4 21. fxg4 Qg6 22. Qf3 Rb8 23. a4 a6 24. Nge2 Bd7 25. b3 b5 26. a5 b4 27. Na4 Bxa4 28. Rxa4 Kf7 29. Rh1 Rh8 30. Raa1 Rh6 31. Rh2 Qh7 32. Rah1 Rh8 33. Be1 Ke7 34. h4 Nd7 35. h5 Nf8 36. Rh3 Nd7 37. Bc2 Nf6 38. Nc1 Kf7 39. Nd3 Bf8 40. Nb2 Be7 41. Na4 Bd8 42. Bf2 Nce8 43. Nb6 Bxb6 44. axb6 Kf8 45. Ra1 Qb7 46. Ra4 Qxb6 47. Rh1 Qb7 48. Rha1 Nc7 49. Ra5 Qc8 50. Bd1 Qd7 51. R5a4 Qh7 52. Bc2 Qd7 53. Bd1 Kf7 54. Be2 Ra8 55. Ra5 Qc8 56. Bd1 Kf8 57. Be2 Rh7 58. Bd1 Ng8 59. Be2 Nh6 60. Bd1 Nf7 (60... Ne8 $19 {and Black stays clearly on top.} 61. Bg1 Nf6) 61. Qd3 Nd8 62. Qh3 Rh6 63. Qf3 Nb7 64. R5a4 a5 65. Be2 Ra6 66. Bd1 Na8 67. Qe2 Nb6 68. R4a2 Kg7 69. Bc2 (69. Be1 $142) 69... Rh8 70. Qf3 Kh6 71. Qe2 Qc7 72. Kf3 Rha8 73. Qd3 R8a7 74. Bd1 Qc8 75. Qc2 (75. Be1 {might work better.}) 75... Nd8 76. Be1 Nf7 77. Bf2 Kh7 78. Qe2 Qd7 79. Kg2 a4 80. Kh3 Qe8 81. Qc2 (81. bxa4 {was called for.} Nd7 82. Qf3) 81... axb3 {[%emt 0:04:09] Discovered Attack} 82. Qxb3 Rxa2 83. Rxa2 Rxa2 84. Qxa2 Qa8 85. Qxa8 Nxa8 86. Kg2 Nb6 87. Bb3 Nh6 88. Kf3 Nd7 89. Bd1 Nf6 90. Bg1 Nhxg4 91. Ba4 Kh6 92. Bxc5 Nh2+ $19 (92... dxc5 $142 93. Ke2 Nxe4 94. Kf3 Ngf6 95. Kg2 g4 96. Bc2 Kxh5 97. Kg1 Nd2 98. Bd1 Nxc4 99. Bc2 {[#]} Ne3 $1 100. Bb3 c4 101. Bd1 Ne4 102. d6 f3 103. Kh1 Nxd1 104. d7 f2 105. Kg2 Ne3+ 106. Kh2 g3+ 107. Kh3 f1=Q#) 93. Kg2 Nxe4 (93... dxc5 $142 94. Kxh2 Nxe4) 94. Bxb4 {[%emt 0:00:20] [#]} Ng4 $1 95. Kf3 Ngf6 96. Bc2 g4+ 97. Kg2 f3+ 98. Kg1 g3 99. Bxe4 Nxe4 100. Bxd6 f2+ 101. Kg2 Nd2 102. Kxg3 f1=Q 103. c5 Qf3+ 104. Kh4 Ne4 105. Bf8+ Kh7 106. h6 Qg3+ 107. Kh5 Qg5# 0-1

[Event "HUN-ch U8-U18 2019"]
[Site "Balatonlelle"]
[Date "2019.06.25"]
[Round "6.6"]
[White "Tapodi, Norman Lajos"]
[Black "Dibusz, Domonkos"]
[Result "1/2-1/2"]
[ECO "D35"]
[WhiteElo "2043"]
[BlackElo "2067"]
[Annotator "NA"]
[PlyCount "55"]
[EventDate "2019.06.21"]
[EventType "swiss"]
[EventCountry "HUN"]
[SourceTitle "playchess.com"]
[Source "ChessBase"]
[SourceQuality "1"]
[TimeControl "40/5400+30:1800+30"]

1. d4 d5 2. c4 e6 3. Nc3 Nf6 4. cxd5 exd5 5. Bg5 Be7 6. e3 b6 7. Bd3 Bb7 8. Qc2 h6 9. Bh4 Nbd7 10. Nf3 c5 11. dxc5 bxc5 12. O-O O-O 13. Rfd1 d4 14. Bxf6 Bxf6 15. Ne4 Rc8 16. exd4 cxd4 17. Qd2 Bxe4 18. Bxe4 Ne5 19. Nxe5 Bxe5 20. f4 Bf6 21. Qd3 Qd6 22. g3 Qb4 23. Rd2 Rfe8 24. Re1 Kh8 25. a3 Qa5 26. Kg2 Re7 27. Ree2 Rce8 28. Rc2 1/2-1/2

[Event "HUN-ch U8-U18 2019"]
[Site "Balatonlelle"]
[Date "2019.06.25"]
[Round "6.7"]
[White "Borhy, Marcell"]
[Black "Pasti, Aron"]
[Result "1/2-1/2"]
[ECO "A06"]
[WhiteElo "2374"]
[BlackElo "2193"]
[Annotator "NA"]
[PlyCount "50"]
[EventDate "2019.06.21"]
[EventType "swiss"]
[EventCountry "HUN"]
[SourceTitle "playchess.com"]
[Source "ChessBase"]
[SourceQuality "1"]
[TimeControl "40/5400+30:1800+30"]

1. Nf3 d5 2. d3 c5 3. Nbd2 Nc6 4. e4 e6 5. Be2 Nf6 6. c3 Be7 7. O-O O-O 8. e5 Nd7 9. d4 f6 10. exf6 Bxf6 11. dxc5 Nxc5 12. Nb3 Nxb3 13. Qxb3 Qc7 14. Be3 b6 15. Rad1 Bb7 16. Qc2 g6 17. Qc1 Ne7 18. c4 Nf5 19. cxd5 Qxc1 20. Bxc1 Bxd5 21. b3 Rfc8 22. Bd3 Rf8 23. Ba3 Rac8 24. Be2 Rf7 25. Rc1 Rfc7 1/2-1/2

[Event "HUN-ch U8-U18 2019"]
[Site "Balatonlelle"]
[Date "2019.06.25"]
[Round "6.7"]
[White "Pribelszky, Bence"]
[Black "Karacsonyi, Gellert"]
[Result "0-1"]
[ECO "A03"]
[WhiteElo "2244"]
[BlackElo "2304"]
[Annotator "ChessBase"]
[PlyCount "102"]
[EventDate "2019.06.21"]
[EventType "swiss"]
[EventCountry "HUN"]
[SourceTitle "playchess.com"]
[Source "ChessBase"]
[SourceQuality "1"]
[TimeControl "40/5400+30:1800+30"]

1. f4 Nf6 2. Nf3 d5 3. e3 c5 4. b3 Bf5 5. Bb2 e6 6. Bb5+ Nc6 7. Bxc6+ bxc6 8. d3 Bd6 9. Qe2 h6 10. Nbd2 Bh7 11. O-O O-O 12. Kh1 Rb8 13. Rac1 Nd7 14. g4 f6 15. Rg1 g5 16. h4 Qe7 17. Rcf1 Rf7 18. Rg2 e5 19. f5 Kf8 20. e4 Bg8 21. c3 a5 22. d4 Rh7 23. dxe5 Nxe5 24. exd5 cxd5 25. c4 dxc4 26. Bxe5 Bxe5 27. Nxc4 Bc7 28. Rd1 Rd8 29. Rxd8+ Qxd8 30. Qe3 Re7 31. Qc3 Rd7 32. Rd2 Bd5 33. Kg1 Bf4 34. Re2 Bxf3 35. Qxf3 Rd3 36. Qe4 Rg3+ 37. Rg2 Qd1+ 38. Kf2 Rd3 39. hxg5 hxg5 40. Qa8+ Rd8 41. Qf3 Qd4+ 42. Kf1 Qa1+ 43. Kf2 Re8 44. Qd3 Qe1+ 45. Kf3 Qh1 46. Ne5 Bxe5 47. Qd5 Qf1+ 48. Rf2 Qh3+ 49. Ke2 Bd4+ 50. Kd1 Qd3+ 51. Rd2 Qb1# 0-1

[Event "HUN-ch U8-U18 2019"]
[Site "Balatonlelle"]
[Date "2019.06.25"]
[Round "6.8"]
[White "Virag, Balint"]
[Black "Palczert, Botond"]
[Result "1-0"]
[ECO "B92"]
[WhiteElo "2173"]
[BlackElo "2068"]
[Annotator "ChessBase"]
[PlyCount "110"]
[EventDate "2019.06.21"]
[EventType "swiss"]
[EventCountry "HUN"]
[SourceTitle "playchess.com"]
[Source "ChessBase"]
[SourceQuality "1"]
[TimeControl "40/5400+30:1800+30"]

1. e4 c5 2. Nf3 d6 3. d4 cxd4 4. Nxd4 Nf6 5. Nc3 a6 6. Be2 e5 7. Nb3 Nbd7 8. Be3 Be7 9. O-O O-O 10. a4 b6 11. f4 Bb7 12. Bf3 Rc8 13. Nd5 Nxd5 14. exd5 Bf6 15. c3 exf4 16. Bxf4 Be5 17. Qd2 Qh4 18. Be2 Rfe8 19. g3 Bxf4 20. Rxf4 Qg5 21. c4 Qe5 22. Bg4 Nc5 23. Nxc5 Rxc5 24. Raf1 Rc7 25. Qf2 f6 26. Qxb6 Qe3+ 27. Qxe3 Rxe3 28. R1f3 Re1+ 29. Kf2 Rce7 30. Rb3 Ra1 31. Be6+ Kf8 32. Rb6 Rxa4 33. Re4 f5 34. Rd4 Rc7 35. b3 Ra2+ 36. Ke3 Ke7 37. Rd2 Ra3 38. Bxf5 g6 39. Be6 a5 40. Rf2 Ke8 41. Rf7 Rxf7 42. Bxf7+ Kxf7 43. Rxb7+ Kf6 44. Kd4 a4 45. bxa4 Rxa4 46. Rxh7 Ra1 47. Rd7 Rd1+ 48. Ke4 Re1+ 49. Kd3 Rd1+ 50. Kc2 Rh1 51. Rxd6+ Kf5 52. Re6 Rxh2+ 53. Kd3 Rh3 54. Re3 Rh1 55. Kd4 Rd1+ {[%emt 0:00:16] Ke4+} 1-0

[Event "HUN-ch U8-U18 2019"]
[Site "Balatonlelle"]
[Date "2019.06.25"]
[Round "6.8"]
[White "Pater, Peter"]
[Black "Pasztor, Balazs"]
[Result "1/2-1/2"]
[ECO "D21"]
[WhiteElo "1901"]
[BlackElo "2215"]
[Annotator "ChessBase"]
[PlyCount "65"]
[EventDate "2019.06.21"]
[EventType "swiss"]
[EventCountry "HUN"]
[SourceTitle "playchess.com"]
[Source "ChessBase"]
[SourceQuality "1"]
[TimeControl "40/5400+30:1800+30"]

1. d4 d5 2. c4 dxc4 3. Nf3 a6 4. g3 b5 5. Bg2 Bb7 6. O-O Nf6 7. a4 e6 8. b3 cxb3 9. Qxb3 b4 10. Bb2 Bd6 11. Nbd2 O-O 12. Qc2 Nbd7 13. e4 Be7 14. Ne5 c5 15. Nxd7 Nxd7 16. d5 exd5 17. exd5 Nb6 18. d6 Bxg2 19. dxe7 Qxe7 20. Kxg2 c4 21. a5 Qb7+ 22. Kg1 c3 23. axb6 cxb2 24. Qxb2 Qxb6 25. Ra4 a5 26. Rfa1 Rfd8 27. Nc4 Qb5 28. Rxa5 Rxa5 29. Nxa5 h5 30. Nb3 h4 31. Nd2 Qe2 32. Qxb4 hxg3 33. hxg3 1/2-1/2

[Event "HUN-ch U8-U18 2019"]
[Site "Balatonlelle"]
[Date "2019.06.25"]
[Round "6.9"]
[White "Kovacsy, Barnabas"]
[Black "Szilagyi, Norbert"]
[Result "1/2-1/2"]
[ECO "B33"]
[WhiteElo "2136"]
[BlackElo "2093"]
[Annotator "ChessBase"]
[PlyCount "121"]
[EventDate "2019.06.21"]
[EventType "swiss"]
[EventCountry "HUN"]
[SourceTitle "playchess.com"]
[Source "ChessBase"]
[SourceQuality "1"]
[TimeControl "40/5400+30:1800+30"]

1. e4 c5 2. Nf3 Nc6 3. d4 cxd4 4. Nxd4 Nf6 5. Nc3 e5 6. Ndb5 d6 7. Bg5 a6 8. Na3 b5 9. Nd5 Be7 10. Bxf6 Bxf6 11. c3 Bg5 12. Nc2 O-O 13. a4 Rb8 14. axb5 axb5 15. Bd3 Ne7 16. Ndb4 f5 17. exf5 Bxf5 18. Bxf5 Rxf5 19. Nc6 Nxc6 20. Qd5+ Rf7 21. Qxc6 d5 22. O-O Qd7 23. Qxd7 Rxd7 24. Rfd1 Bf6 25. Kf1 Kf7 26. Ke2 Rb6 27. g3 Bg5 28. Nb4 Ke6 29. Ra6 Rxa6 30. Nxa6 Be7 31. Ra1 Ra7 32. Ra2 Bd6 33. Nb4 Rxa2 34. Nxa2 Be7 35. Nc1 b4 36. Nb3 bxc3 37. bxc3 Bd6 38. Kd3 Kf5 39. f3 Bc7 40. Nd2 Ba5 41. Nb3 Bb6 42. Nd2 Bg1 43. h3 Bf2 44. Nf1 h5 45. Ke2 Bb6 46. h4 Bd8 47. c4 dxc4 48. Ne3+ Ke6 49. Nxc4 Bc7 50. Nd2 Bd8 51. Ne4 Be7 52. Kd3 Kf5 53. Ke3 g5 54. hxg5 Bxg5+ 55. Nxg5 Kxg5 56. Ke4 Kf6 57. f4 exf4 58. Kxf4 Kg6 59. g4 h4 60. g5 h3 61. Ke4 1/2-1/2

[Event "HUN-ch U8-U18 2019"]
[Site "Balatonlelle"]
[Date "2019.06.25"]
[Round "6.9"]
[White "Daroczi, Donat"]
[Black "Fule, Simon"]
[Result "0-1"]
[ECO "C47"]
[WhiteElo "2050"]
[BlackElo "2148"]
[Annotator "ChessBase"]
[PlyCount "106"]
[EventDate "2019.06.21"]
[EventType "swiss"]
[EventCountry "HUN"]
[SourceTitle "playchess.com"]
[Source "ChessBase"]
[SourceQuality "1"]
[TimeControl "40/5400+30:1800+30"]

1. e4 e5 2. Nf3 Nc6 3. Nc3 Nf6 4. d4 exd4 5. Nxd4 Bb4 6. Nxc6 bxc6 7. Bd3 O-O 8. O-O d5 9. exd5 cxd5 10. h3 c6 11. Qf3 h6 12. Bf4 Bd6 13. Ne2 c5 14. c3 Rb8 15. b3 Re8 16. Rfd1 Bb7 17. Bxd6 Qxd6 18. Qf4 Re5 19. Rd2 Rbe8 20. Rf1 Qc6 21. f3 Qb6 22. Kh1 Ba6 23. Ng3 Re3 24. Bxa6 Qxa6 25. Rc1 g5 26. Qf5 Re1+ 27. Rxe1 Rxe1+ 28. Kh2 Qd6 29. Rf2 Nh5 30. f4 Nxf4 31. Qc8+ Kh7 32. Qf5+ Qg6 33. Qd7 a6 34. Qc7 Re6 35. Rf1 Rc6 36. Qd7 Qe6 37. Qa7 Kg7 38. a4 Qe5 39. Qd7 Rf6 40. Qg4 Kh7 41. Qf3 d4 42. cxd4 cxd4 43. Kh1 Qe3 44. Qxe3 dxe3 45. Re1 Re6 46. Kg1 Kg6 47. b4 Nd3 48. Re2 Nxb4 49. Nf1 Nd5 50. g4 a5 51. Kh2 Re4 52. Re1 Rxa4 53. Nxe3 Re4 0-1

[Event "HUN-ch U8-U18 2019"]
[Site "Balatonlelle"]
[Date "2019.06.25"]
[Round "6.10"]
[White "Demjen, Mark"]
[Black "Leszko, Bence"]
[Result "0-1"]
[ECO "B31"]
[WhiteElo "1944"]
[BlackElo "2135"]
[Annotator "NA"]
[PlyCount "64"]
[EventDate "2019.06.21"]
[EventType "swiss"]
[EventCountry "HUN"]
[SourceTitle "playchess.com"]
[Source "ChessBase"]
[SourceQuality "1"]
[TimeControl "40/5400+30:1800+30"]

1. e4 c5 2. Nf3 Nc6 3. Bb5 g6 4. c3 Bg7 5. O-O e5 6. Na3 Nge7 7. Nc4 O-O 8. d3 d5 9. exd5 Qxd5 10. Bg5 Be6 11. Ne3 Qd6 12. Nd2 Qc7 13. f4 f6 14. f5 gxf5 15. Bh4 Ng6 16. Qh5 Nf4 17. Rxf4 exf4 18. Nxf5 Bxf5 19. Qxf5 Qe5 20. Qxe5 Nxe5 21. d4 cxd4 22. cxd4 Ng6 23. Bc4+ Kh8 24. Bf2 Rfd8 25. Nf3 Ne7 26. h4 Nf5 27. Bd3 Ne3 28. Bxe3 fxe3 29. Be4 f5 30. Bxf5 Bxd4 31. Ng5 e2+ 32. Kh1 Bf2 0-1

[Event "HUN-ch U8-U18 2019"]
[Site "Balatonlelle"]
[Date "2019.06.25"]
[Round "6.10"]
[White "Gyenes, Mate"]
[Black "Kozsik, Bende Barnabas"]
[Result "1-0"]
[ECO "A45"]
[WhiteElo "1823"]
[BlackElo "2089"]
[Annotator "NA"]
[PlyCount "115"]
[EventDate "2019.06.21"]
[EventType "swiss"]
[EventCountry "HUN"]
[SourceTitle "playchess.com"]
[Source "ChessBase"]
[SourceQuality "1"]
[TimeControl "40/5400+30:1800+30"]

1. d4 Nf6 2. Bf4 g6 3. e3 Bg7 4. Be2 O-O 5. h3 d5 6. Nf3 c5 7. c3 Nc6 8. Ne5 Qb6 9. Qb3 Na5 10. Qxb6 axb6 11. Nd2 c4 12. O-O Nc6 13. e4 e6 14. Bf3 b5 15. a3 h6 16. h4 Rd8 17. Rfe1 Ne7 18. Rad1 b6 19. exd5 Nfxd5 20. Ng4 h5 21. Ne3 Bb7 22. Nxd5 Bxd5 23. Bc7 Rdc8 24. Bxb6 Bxf3 25. Nxf3 Nd5 26. Bc5 Nf4 27. Bd6 Nd3 28. Re2 Bh6 29. g3 Ra6 30. Be7 Rc7 31. Bg5 Bf8 32. Ne5 Nxe5 33. dxe5 Bg7 34. Rd8+ Kh7 35. Bf4 Rc5 36. Kg2 Rac6 37. Kf3 Rc8 38. Rxc8 Rxc8 39. Rd2 Bf8 40. Rd7 Kg7 41. Be3 Rb8 42. Ke4 Kg8 43. f4 Kg7 44. Ba7 Ra8 45. Kd4 Rc8 46. Bb6 Rc6 47. Rb7 g5 48. hxg5 Kg6 49. Ke4 Bc5 50. Bxc5 Rxc5 51. Rd7 Rc6 52. Rd6 Rc7 53. f5+ Kxg5 54. fxe6 fxe6 55. Rxe6 Kg4 56. Rg6+ Kh3 57. e6 Rc6 58. Kd5 1-0

[Event "HUN-ch U8-U18 2019"]
[Site "Balatonlelle"]
[Date "2019.06.25"]
[Round "6.11"]
[White "Csidey, Csongor"]
[Black "Juhasz, Agoston"]
[Result "1-0"]
[ECO "B11"]
[WhiteElo "1708"]
[BlackElo "2161"]
[Annotator "ChessBase"]
[PlyCount "59"]
[EventDate "2019.06.21"]
[EventType "swiss"]
[EventCountry "HUN"]
[SourceTitle "playchess.com"]
[Source "ChessBase"]
[SourceQuality "1"]
[TimeControl "40/5400+30:1800+30"]

1. e4 c6 2. Nc3 d5 3. Nf3 Bg4 4. h3 Bxf3 5. Qxf3 Nf6 6. d3 e6 7. Bf4 Qb6 8. O-O-O d4 9. Ne2 Nbd7 10. g4 e5 11. Bd2 Bb4 12. Bxb4 Qxb4 13. g5 Ng8 14. h4 Ne7 15. Ng3 a5 16. Bh3 Nf8 17. Nh5 Rg8 18. Qg3 Qc5 19. Rhf1 a4 20. f4 a3 21. b3 Qc3 22. fxe5 Ra5 23. e6 fxe6 24. Qb8+ Kd7 25. Qxb7+ Kd6 26. e5+ Kd5 27. Bg2+ Kc5 28. b4+ Qxb4 29. Qxe7+ Kb5 30. Bxc6+ 1-0

[Event "HUN-ch U8-U18 2019"]
[Site "Balatonlelle"]
[Date "2019.06.25"]
[Round "6.12"]
[White "Kovacs, Laszlo Jr."]
[Black "Pervai, Laszlo"]
[Result "1/2-1/2"]
[ECO "B30"]
[WhiteElo "2101"]
[BlackElo "2033"]
[Annotator "ChessBase"]
[PlyCount "106"]
[EventDate "2019.06.21"]
[EventType "swiss"]
[EventCountry "HUN"]
[SourceTitle "playchess.com"]
[Source "ChessBase"]
[SourceQuality "1"]
[TimeControl "40/5400+30:1800+30"]

1. e4 c5 2. Nf3 Nc6 3. g3 g6 4. Bg2 Bg7 5. O-O e5 6. d3 d6 7. Nc3 Nge7 8. Be3 O-O 9. Qd2 f5 10. Bh6 f4 11. Bxg7 Kxg7 12. Ne2 Bg4 13. gxf4 Bxf3 14. Bxf3 Nd4 15. Nxd4 cxd4 16. f5 gxf5 17. Kh1 f4 18. Rg1+ Ng6 19. Rg4 Kh8 20. Rag1 Rg8 21. Qd1 Rc8 22. Qf1 Qf6 23. Qh3 Ne7 24. Rxg8+ Rxg8 25. Rxg8+ Kxg8 26. Bg4 Ng6 27. Bf5 Qh4 28. Qg2 Qh5 29. Bxg6 hxg6 30. f3 Kf7 31. h3 Qh4 32. Qg4 Qe1+ 33. Kh2 Qd2+ 34. Qg2 Qc1 35. b3 b5 36. a3 a5 37. b4 axb4 38. axb4 Qb2 39. Qd2 Qb1 40. Kg2 Kg7 41. c3 dxc3 42. Qxc3 Qa2+ 43. Kf1 Kh6 44. Qc8 Qb1+ 45. Kf2 Qb2+ 46. Kf1 Qa1+ 47. Ke2 Qa2+ 48. Kf1 Qh2 49. Qh8+ Kg5 50. Qd8+ Kh6 51. Qh8+ Kg5 52. Qd8+ Kh6 53. Qh8+ Kg5 1/2-1/2